 Dungeon Sprint DCSS version 0.21.1-1-g345015f (webtiles) character file.

0 doot the Cudgeler (level 1, 0/33 HPs)
             Began as a Troll Berserker on June 5, 2018.
             Was a Follower of Trog.
             Slain by Blork the orc
             ... wielding a +1 trident of venom
              (4 damage)
             ... in the Dungeon (Sprint VI: "Thunderdome").
             The game lasted 00:01:22 (43 turns).

doot the Cudgeler (Troll Berserker)                   Turns: 43, Time: 00:01:23

Health: 0/33       AC:  5    Str: 44    XL:     1   Next: 50%
Magic:  0/0        EV: 10    Int:  0    God:    Trog [*.....]
Gold:   20         SH:  0    Dex:  9    Spells: 0/0 levels left

rFire    . . .     SeeInvis .   a - +0 mace
rCold    . . .     Gourm    +   (no shield)
rNeg     . . .     Faith    .   b - +0 animal skin
rPois    +         Spirit   .   (helmet restricted)
rElec    .         Reflect  .   (no cloak)
rCorr    .         Harm     +   (gloves unavailable)
MR       +++..     NoTele   +   (boots unavailable)
Stlth    ..........             o - amulet "Icrobbirr" {Harm *Drain MR+ Str+4}
HPRegen  0.51/turn              q - ring "Circhut" {Wiz Str+7}
MPRegen  0.07/turn              p - ring "Okymn" {rPois MR++ Str+4 Int-3 Stlth+}

@: berserking (expiring), lethally poisoned (0 -> 0), slowed, lost intelligence
A: large, unfitting armour, claws 3, fast metabolism 3, gourmand, regeneration
1, shaggy fur 1, tough skin 2
a: Berserk, Burn Spellbooks, Renounce Religion


You were in the Dungeon.
You worshipped Trog.
Trog was aware of your devotion.
You were not hungry.

You visited 1 branch You collected 200 gold pieces.
You spent 180 gold pieces at shops.

Inventory:

Hand Weapons
 a - a +0 mace (weapon)
Armour
 b - a +0 animal skin (worn)
Jewellery
 n - the ring of Mealaypi {Wiz rC+}
   (You bought it in a shop in the Dungeon)

   [ring of wizardry]

   It improves your spell success rate.
   It protects you from cold.
 o - the amulet "Icrobbirr" (around neck) {Harm *Drain MR+ Str+4}
   (You bought it in a shop in the Dungeon)

   [amulet of harm]

   It increases damage dealt and taken.
   It affects your strength (+4).
   It affects your resistance to hostile enchantments.
   It causes draining when unequipped.
 p - the ring "Okymn" (right claw) {rPois MR++ Str+4 Int-3 Stlth+}
   (You bought it in a shop in the Dungeon)

   [ring of stealth]

   It affects your strength (+4).
   It affects your intelligence (-3).
   It protects you from poison.
   It affects your resistance to hostile enchantments.
   It makes you more stealthy.
 q - the ring "Circhut" (left claw) {Wiz Str+7}
   (You bought it in a shop in the Dungeon)

   [ring of wizardry]

   It improves your spell success rate.
   It affects your strength (+7).
Wands
 j - a wand of acid (5)
 k - a wand of iceblast (5)
Scrolls
 i - 4 scrolls of blinking
 l - 3 scrolls of fog
Potions
 d - a potion of curing
 e - 4 potions of heal wounds
 f - 4 potions of haste
 g - 2 potions of magic
 m - a potion of resistance
Comestibles
 c - 2 rations


   Skills:
 + Level 2.8 Fighting
 + Level 3.2 Maces & Flails
 + Level 2.8 Dodging


You couldn't memorise any spells.
You didn't know any spells.

Dungeon Overview and Level Annotations

Branches:
Dungeon (1/1)

Altars:
Cheibriados
Gozag
Kikubaaqudgha
Makhleb
Okawaru
Sif Muna
Uskayaw
Jiyva

Shops:
D *[%?

Annotations:
D Blork the orc


Innate Abilities, Weirdness & Mutations

You are too large for most types of armour.
You have claws for hands.
Your metabolism is lightning-fast.
You like to eat raw meat.
Your natural rate of healing is unusually fast.
You are covered in fur. (AC +1)
You have very tough skin. (AC +2)


Message History

The orc hits you but does no damage. The orc closely misses you.
You thump the orc!
You kill the orc!
Trog accepts your kill.
A red film seems to cover your vision as you go berserk!
You feel yourself moving faster!
You feel mighty!
Blork the orc hits you from afar with a trident of venom!
* * * LOW HITPOINT WARNING * * *
You feel a strong urge to attack something.
Blork the orc misses you.
You thump Blork the orc!
Blork the orc is severely wounded.
Blork the orc hits you with a trident of venom.
* * * LOW HITPOINT WARNING * * *
You are poisoned.
You barely miss Blork the orc.
Blork the orc is severely wounded.
You feel sick.
Blork the orc hits you with a trident of venom.
You die...

#_....... #_.......
###.........###
#⌠........ ..⌠#
######.8...... ..8.#
##∩___......# .....
###∩........8.# .8...
#...).........###.....
#⌠......@...###...#
#⌠.......o..# #.<.#
#⌠..........# #...#
##.............###...
###∩........8.# .8...
##∩_._......# .....
######.8.... ..8.#
#⌠..... ..⌠# ###...
.###


You could see Blork the orc.

Vanquished Creatures
  2 orcs (D)
2 creatures vanquished.

Notes
Turn   | Place    | Note
-------+----------+-------------------------------------------
     0 | D        | doot the Troll Berserker began the quest for the Orb.
     0 | D        | Reached XP level 1. HP: 22/22 MP: 0/0
     2 | D        | Found an iron altar of Okawaru.
     2 | D        | Found a deep blue altar of Sif Muna.
     3 | D        | Found a viscous altar of Jiyva.
     3 | D        | Found a snail-covered altar of Cheibriados.
     4 | D        | Found a hide-covered altar of Uskayaw.
     4 | D        | Found an opulent altar of Gozag.
     5 | D        | Found Tejym's Delicious Food.
     5 | D        | Found an ancient bone altar of Kikubaaqudgha.
     5 | D        | Found Nezir's Identification Station.
     5 | D        | Round 1.
     6 | D        | Found Arghunim's Jewellery.
     6 | D        | Found Ciont's Advanced Armour.
     7 | D        | Found a burning altar of Makhleb.
    20 | D        | Reached skill level 3 in Maces & Flails
    23 | D        | Bought a pitted silver ring for 45 gold pieces
    23 | D        | Bought a faintly glowing bronze amulet for 45 gold pieces
    23 | D        | Bought a sparkling bone ring for 45 gold pieces
    23 | D        | Identified the ring of Mealaypi {Wiz rC+} (You bought it in a shop in the Dungeon)
    24 | D        | Identified the amulet "Icrobbirr" {Harm *Drain MR+ Str+4} (You bought it in a shop in the Dungeon)
    25 | D        | Lost intelligence.
    25 | D        | Identified the ring "Okymn" {rPois MR++ Str+4 Int-3 Stlth+} (You bought it in a shop in the Dungeon)
    29 | D        | Bought a twitching bone ring for 45 gold pieces
    30 | D        | Identified the ring "Circhut" {Wiz Str+7} (You bought it in a shop in the Dungeon)
    37 | D        | Noticed Blork the orc
    43 | D        | Slain by Blork the orc

Skill      XL: |  1 |
---------------+----+-----
Maces & Flails | 3 |  3.2
Fighting       | |  2.8
Dodging        | |  2.8

Action                   || total
-------------------------++-------
Melee: Mace              ||    16
  Use: Potion            ||     1
Armor: Animal skin       ||     2
Dodge: Dodged            ||     8
